 Dungeon Crawl Stone Soup version 0.27-a0-1416-g941b2bd30b (webtiles) character file.

Game seed: 1505772697437176061

77 Brandom the Insei (level 4, -1/30 HPs)
             Began as an Octopode Transmuter on July 1, 2021.
             Was a Believer of Makhleb.
             Slain by an adder (3 damage)
             ... on level 2 of the Dungeon.
             The game lasted 00:03:49 (2154 turns).

Brandom the Insei (Octopode Transmuter)             Turns: 2154, Time: 00:03:49

Health: -1/30      AC:  1    Str:  9    XL:     4   Next: 33%
Magic:  16/16      EV: 13    Int: 16    God:    Makhleb [**....]
Gold:   126        SH:  0    Dex: 12    Spells: 6/7 levels left

rFire    . . .     SeeInvis .     - Unarmed
rCold    . . .     Faith    .   (no shield)
rNeg     . . .     Spirit   .   (helmet currently unavailable)
rPois    .         Reflect  .   (no amulet)
rElec    .         Harm     .   h - ring of magical power
rCorr    .         Rampage  .   (no ring)
Will     .....                  (no ring)
Stlth    ++........             (no ring)
HPRegen  0.10/turn              (no ring)
MPRegen  0.15/turn              (no ring)
                                (no ring)
                                (no ring)

@: appendages (expiring)
A: tentacle spike 3, almost no armour, amphibious, 8 rings, camouflage 1,
gelatinous body 1, (nimble swimmer 1), tentacles
a: End Transformation, Renounce Religion, Minor Destruction


You were on level 2 of the Dungeon.
You worshipped Makhleb.
Makhleb was pleased with you.
One of your tentacles had grown a beastly spike.
You visited 1 branch of the dungeon, and saw 3 of its levels.

You collected 126 gold pieces.

Inventory:

Jewellery
 h - a ring of magical power (left tentacle)
   (You found it on level 2 of the Dungeon)
Scrolls
 a - 3 scrolls of fear {unknown}
 b - a scroll of teleportation {unknown}
 e - a scroll of enchant armour {unknown}
 j - a scroll of identify {unknown}
Potions
 c - 2 potions of cancellation {unknown}
 d - a potion of invisibility {unknown}
 f - a potion of berserk rage {unknown}
 g - a potion of curing {unknown}
 i - a potion of ambrosia {unknown}


   Skills:
 * Level 2.3 Fighting
 + Level 2.4 Dodging
 + Level 3.3 Unarmed Combat
 + Level 2.4 Spellcasting
 + Level 2.3 Transmutations
 + Level 1.2 Invocations


You had 6 spell levels left.
You knew the following spells:

 Your Spells              Type           Power      Damage    Failure   Level
a - Beastly Appendage     Tmut           18%        N/A       8%          1

Your spell library contained the following spells:

 Spells                   Type           Power      Damage    Failure   Level
 Wereblood                Tmut           9%         N/A       12%         2
 Summon Small Mammal      Summ           4%         N/A       21%         1
 Slow                     Hex            1%         N/A       30%         2
 Spider Form              Tmut/Pois      2%         N/A       36%         3
 Call Canine Familiar     Summ           1%         N/A       52%         3
 Summon Guardian Golem    Hex/Summ       1%         N/A       52%         3
 Vampiric Draining        Necr           0%         2d6       52%         3
 Ice Form                 Ice/Tmut       5%         N/A       77%         4
 Petrify                  Tmut/Erth      5%         N/A       77%         4


Dungeon Overview and Level Annotations

Branches:
Dungeon (3/15)

Altars:
Makhleb


Innate Abilities, Weirdness & Mutations

One of your tentacles has grown a beastly spike.
You cannot wear most types of armour.
You are amphibious.
You can wear up to eight rings at the same time.
Your skin changes colour to match your surroundings (Stealth+).
Your rubbery body absorbs attacks. (AC +1, EV +1)
((You are camouflaged near water. (Stealth+)))
You have tentacles for arms and can constrict up to eight enemies at once.


Message History

A goblin comes into view. It is wielding a +0 club.
The adder bites you.
A jackal comes into view.
The adder bites you. The jackal barely misses you. The adder bites you.
There is a stone staircase leading up here.
The jackal bites you. The adder bites you.
You are poisoned.
The adder poisons you! The jackal barely misses you.
You climb upwards.
You feel very sick.
There is a stone staircase leading down here.
One of your tentacles grows a vicious spike.
You feel sick. The adder bites you. The jackal bites you.
* * * LOW HITPOINT WARNING * * *
You feel sick. The adder closely misses you.
You feel sick.
The jackal bites you but does no damage.
The adder bites you.
* * * LOW HITPOINT WARNING * * *
You feel sick.
You feel sick.
You are no longer poisoned.
The jackal bites you.
* * * LOW HITPOINT WARNING * * *
You tentacle-slap the jackal. You grab the jackal. You constrict the jackal.
The jackal bites you.
* * * LOW HITPOINT WARNING * * *
Okay, then.
You barely miss the jackal.
You squeeze the jackal, but do no damage.
You constrict the jackal, but do no damage.
The jackal bites you.
* * * LOW HITPOINT WARNING * * *
The jackal bites you.
* * * LOW HITPOINT WARNING * * *
Okay, then.
You tentacle-slap the jackal.
You kill the jackal!
Makhleb accepts your kill.
You feel better.
Aim: an adder The adder resists with some effort.
Your transformation is almost over.
The adder barely misses you.
Aim: an adder The glob of acid misses the adder.
The adder barely misses you. The adder bites you.
You die...

# ####.#### ####### ##.##
##.# ######.......#
#.....# #.## ##.
.....#.##.##.###<....#
##.## ##.#
.......##.#.......^..#
##.###.##
.....#.##....###.....#
##.#.## ######.####..#
#.....# ##.## # #.....#.#
####### #.# #
#.......########## #.# #
######.###.@.....######.#
#######
#.###S###.......##.#
......#
#......S..#.###.##.#
#####.###
#####.#..>...##.##.#
........#
#.##..#........#
#.#)#.#.##
#.......###.####
#.#.)....# #####.#####.#
......#..# #.......#
#.#...#..# #########


You could see an adder.

Vanquished Creatures
  3 adders (D:2)
  A worm (D:2)
  3 dart slugs (D:2)
  An orc (D:2)
  5 endoplasms
  A giant cockroach (D:2)
  5 goblins
  3 hobgoblins (D:2)
  A jackal (D:2)
  A kobold (D:1)
  3 ball pythons
  5 bats
  A frilled lizard (D:1)
  6 rats
39 creatures vanquished.

Notes
Turn   | Place    | Note
-------+----------+-------------------------------------------
     0 | D:1      | Brandom the Octopode Transmuter began the quest for the
                  | Orb.
     0 | D:1      | Reached XP level 1. HP: 13/13 MP: 3/3
    35 | D:1      | Found a faded altar of an unknown god.
    47 | D:1      | Became a worshipper of Makhleb the Destroyer
    47 | D:1      | Reached * piety under Makhleb
   162 | D:1      | Reached XP level 2. HP: 15/18 MP: 5/5
   689 | D:2      | Reached XP level 3. HP: 24/24 MP: 4/6
   902 | D:2      | Reached skill level 1 in Invocations
  1216 | D:2      | Reached ** piety under Makhleb
  1337 | D:2      | Reached XP level 4. HP: 22/29 MP: 7/7
  2154 | D:2      | Slain by an adder

Illustrated notes

Levels and vault maps discovered:
D:1:      minmay_arrival_stair_chambers, layout_rooms, basic_ecumenical_altar,
          chequers_big_river, minmay_pentomino_p4
D:2:      layout_loops_cross, kennysheep_generic_room_16
D:3:      layout_basic, lemuel_tele_altar, vehumet_crystals

Skill      XL: |  1  2  3 |
---------------+----------+-----
Fighting       | 2 |  2.3
Invocations    | 1 |  1.2
Dodging        | |  2.4
Unarmed Combat | |  3.3
Spellcasting   | |  2.4
Transmutations | |  2.3

Action                   |  1- 3 |  4- 6 || total
-------------------------+-------+-------++-------
Melee: Unarmed           |    79 |    23 ||   102
       Constrict         |    18 |     3 ||    21
       Tentacles         |     4 |     5 ||     9
       Kick              |     3 |       ||     3
       Punch             |     1 |       ||     1
 Cast: Beastly Appendage |     2 |     1 ||     3
Invok: Minor Destruction |       |     2 ||     2
 Stab: Sleeping          |     9 |     4 ||    13
Armor: Skin              |     7 |     1 ||     8
Dodge: Dodged            |    47 |     9 ||    56

Table legend: (Time is in decaauts)
 A = Elapsed time spent in this place.
 B = Non-inter-level travel time spent in this place.
 C = Inter-level travel time spent in this place.
 D = Time resting spent in this place.
 E = Time spent auto-exploring this place.
 F = Levels seen in this place.
 G = Mean time per level.
                   A        B        C        D        E       F      G
               +--------+--------+--------+--------+--------+-----+--------+
         Total |   2147 |   2122 |     25 |    342 |   1485 |   3 |  715.7 |
       Dungeon |   2147 |   2122 |     25 |    342 |   1485 |   3 |  715.7 |
               +--------+--------+--------+--------+--------+-----+--------+

Top non-repeatable levels by time:
     D:2: 1697 daAuts
     D:1: 438 daAuts
     D:3: 11 daAuts
